 Dungeon Crawl Stone Soup version 0.25-a0-547-g27a0b5d1ef (webtiles) character file.

Game seed: 8895345403505440353, levelgen mode: deterministic

5090 Esekla the Thaumaturge (level 10, -6/50 HPs)
             Began as a Deep Elf Wizard on Feb 22, 2020.
             Was a Follower of Ashenzari.
             Blown up by Maurice (28 damage)
             ... with a disintegration bolt
             ... on level 9 of the Dungeon.
             The game lasted 01:57:53 (8227 turns).

Esekla the Thaumaturge (Deep Elf Wizard)            Turns: 8227, Time: 01:58:01

Health: -6/50      AC:  6    Str: 10    XL:     10   Next: 32%
Magic:  0/28       EV: 14    Int: 24    God:    Ashenzari [*.....]
Gold:   404        SH:  0    Dex: 18    Spells: 24/33 levels left

rFire    + . .     SeeInvis .   L - +1 short sword of the Mosquito {holy, Str+3 Stlth+} (curse)
rCold    + . .     Gourm    .   (no shield)
rNeg     . . .     Faith    .   y - +2 robe {rF+} (curse)
rPois    .         Spirit   .   k - +1 helmet
rElec    .         Reflect  .   (no cloak)
rCorr    .         Harm     .   (no gloves)
MR       +....                  (no boots)
Stlth    ++++......             (no amulet)
HPRegen  0.16/turn              v - +5 ring of dexterity
MPRegen  0.21/turn              A - ring of protection from cold

@: very slightly contaminated
A: no striking features
a: Curse Item, Scrying, Renounce Religion


You were on level 9 of the Dungeon.
You worshipped Ashenzari.
Ashenzari was aware of your devotion.
You were not hungry.

You visited 2 branches of the dungeon, and saw 10 of its levels.

You collected 404 gold pieces.

Inventory:

Hand Weapons
 h - a +0 dagger
 L - the cursed +1 short sword of the Mosquito (weapon) {holy, Str+3 Stlth+}
   (You took it off an orc wizard on level 7 of the Dungeon)

   It has been blessed by the Shining One to cause great damage to the undead
   and demons.
   It affects your strength (+3).
   It makes you more stealthy.
   It has a curse placed upon it.
Missiles
 b - 4 boomerangs
 g - 51 poisoned darts (quivered)
Armour
 k - a +1 helmet (worn)
 w - a +2 ring mail of cold resistance
 y - a cursed +2 robe of fire resistance (worn)
 M - a +3 leather armour
Jewellery
 m - an uncursed ring of positive energy
 s - a +3 ring of protection
 v - a +5 ring of dexterity (left hand)
 A - a ring of protection from cold (right hand)
 B - an uncursed ring of protection from fire
Wands
 u - a wand of flame (35)
 F - a wand of polymorph (8)
 I - a wand of enslavement (21)
Scrolls
 c - 4 scrolls of remove curse
 e - a scroll of noise
 f - a scroll of fog
 i - 5 scrolls of identify
 q - 5 scrolls of amnesia
 x - a scroll of immolation
 z - a scroll of enchant armour
 K - 3 scrolls of enchant weapon
Potions
 a - a potion of resistance
 j - 2 potions of magic
 l - 2 potions of stabbing
 n - a potion of cancellation
 o - 3 potions of curing
 p - 2 potions of heal wounds
 r - 2 potions of brilliance
 t - 2 potions of lignification
 C - a potion of might
 H - a potion of flight {unknown}
 J - 2 potions of invisibility {unknown}
 N - a potion of mutation {unknown}
Comestibles
 d - 22 rations


   Skills:
 * Level 3.6(3.8) Short Blades
   Level 1.5(2.6) Long Blades
 + Level 3.3 Throwing
 + Level 3.9 Dodging
 + Level 3.9 Stealth
 * Level 12.3 Spellcasting
 * Level 7.6 Conjurations
   Level 1.1 Summonings
 + Level 2.5 Translocations
 + Level 0.9 Fire Magic
 * Level 4.5 Air Magic
 * Level 5.5 Poison Magic


You had 24 spell levels left.
You knew the following spells:

 Your Spells              Type           Power        Failure   Level  Hunger
a - Magic Dart            Conj           ####         1%          1    None
b - Blink                 Tloc           N/A          2%          2    None
c - Mephitic Cloud        Conj/Pois/Air  #####...     1%          3    None
f - Conjure Flame         Conj/Fire      #####...     2%          3    None

Your spell library contained the following spells:

 Spells                   Type           Power        Failure   Level  Hunger
 Beastly Appendage        Tmut           ##....       4%          1    None
 Call Imp                 Summ           ###.....     4%          2    None
 Spider Form              Tmut/Pois      ####......   4%          3    None
 Slow                     Hex            ##......     6%          2    None
 Sticks to Snakes         Tmut           ##......     6%          2    None
 Ice Form                 Ice/Tmut       ##......     38%         4    None
 Blade Hands              Tmut           ##........   75%         5    ###....


Dungeon Overview and Level Annotations

Branches:
Dungeon (9/15)             Temple (1/1) D:5             Orc (0/2) D:9
   Lair: D:8-11

Altars:
Ashenzari
Cheibriados
Dithmenos
Elyvilon
Fedhas
Gozag
Hepliaklqana
Kikubaaqudgha
Makhleb
Nemelex Xobeh
Okawaru
Qazlal
Ru
Sif Muna
Trog
Uskayaw
Vehumet
Wu Jian
Xom
Yredelemnul
Zin
The Shining One

Annotations:
D:8 3 runed translucent doors
D:9 Joseph, Maurice


Message History

The boomerang hits you.
The weapon returns from whence it came!
Casting: Magic Dart (safe; 1% risk of failure)
Confirm with . or Enter, or press ? or * to list all spells.
Aiming: Mephitic Cloud (safe; 1% risk of failure)
Press: ? - help, Shift-Dir - straight line, f - orc
Aim: an orc, wielding a +0 club The ball explodes into a vile cloud!
The stinking cloud engulfs the orc but does no damage.
The stinking cloud engulfs the orc warrior but does no damage.
The orc warrior is moderately wounded.
You hear a shout! x3
The orc is engulfed in noxious fumes.
The orc appears confused.
The orc warrior is engulfed in noxious fumes.
The orc warrior appears confused.
The orc warrior hits the orc with a +0 trident!
The orc is killed!
You hear a zap.
You are blasted!
Ouch! That really hurt!
You die...

*##..,,,,***
#..§).§...*
*F.,,,,*
###.§§§§§###*
********
#(..§§§§§#⌠,,
#.§.#§§.§#,,,
#..).§####,,,
#(..§§#...*,,
##........+,,
########....#..,*,,
#.@°°(..(....#***,,
#.########.....#,,,
#o# *.....#⌠,* #☼#
*####..,** ** ***
*** ***#o# *,.,,*
8***8***,***,*#)#
*,>,,*
,,*,,,*,,,*,,,#o#
***+,*
,,,,,,,,,,,,,,.o#
*,,,,
,,,,,,,,,,,,,,..#
*,,*,


You could see an orc warrior (confused) and 3 orcs.

Vanquished Creatures
  Pikel (D:4)
  A yak (D:8)
  3 hogs (D:8)
  7 humans (D:8)
  A hungry ghost (D:8)
  A wyvern (D:8)
  2 sky beasts
  Duvessa (D:4)
  3 orc warriors
  A necrophage (D:6)
  4 ogres
  An ice beast (D:8)
  A phantom (D:4)
  2 centaurs
  A big kobold (D:9)
  A bullfrog (D:8)
  Dowan (D:4)
  A scorpion (D:6)
  2 killer bees (D:9)
  A howler monkey (D:4)
  A bullfrog zombie (D:5)
  2 crimson imps
  A centaur zombie (D:7)
  5 hounds
  A jelly (D:8)
  4 orc priests
  A centaur skeleton (D:6)
  6 iguanas
  7 orc wizards
  A bullfrog skeleton (D:8)
  8 worker ants
  3 hound skeletons
  A howler monkey zombie (D:5)
  8 adders
  2 shadow imps
  2 oozes
  An adder zombie (D:7)
  A worm (D:3)
  7 dart slugs
  4 leopard geckos
  27 orcs
  3 giant cockroaches
  8 goblins
  6 hobgoblins
  13 jackals
  15 kobolds
  2 quokkas
  2 ball pythons
  6 bats
  4 frilled lizards
  8 rats
196 creatures vanquished.

Vanquished Creatures (collateral kills)
  A killer bee (D:9)
1 creature vanquished.

Vanquished Creatures (others)
  An orc wizard (D:7)
  A jackal (D:4)
2 creatures vanquished.

Grand Total: 199 creatures vanquished

Notes
Turn   | Place    | Note
-------+----------+-------------------------------------------
     0 | D:1      | Esekla the Deep Elf Wizard began the quest for the Orb.
     0 | D:1      | Reached XP level 1. HP: 10/10 MP: 7/7
   200 | D:1      | Found a sparkling altar of Nemelex Xobeh.
   209 | D:1      | Reached skill level 5 in Spellcasting
   236 | D:1      | Reached XP level 2. HP: 15/15 MP: 8/10
   438 | D:1      | Reached XP level 3. HP: 19/19 MP: 2/12
   442 | D:1      | Learned a level 2 spell: Blink
   451 | D:1      | Learned a level 3 spell: Mephitic Cloud
   809 | D:2      | Reached skill level 6 in Spellcasting
   968 | D:2      | Found a snail-covered altar of Cheibriados.
  1426 | D:3      | Reached XP level 4. HP: 20/24 MP: 3/14
  1515 | D:3      | Learned a level 3 spell: Conjure Flame
  2051 | D:4      | Noticed an ogre
  2070 | D:4      | Killed an ogre
  2070 | D:4      | Reached skill level 7 in Spellcasting
  2070 | D:4      | Reached skill level 1 in Air Magic
  2070 | D:4      | Reached skill level 1 in Poison Magic
  2070 | D:4      | Reached XP level 5. HP: 28/28 MP: 1/16
  2487 | D:4      | Reached XP level 6. HP: 32/32 MP: 11/18
  2549 | D:4      | Noticed Pikel
  2549 | D:4      | Noticed a slave
  2549 | D:4      | Noticed a slave
  2558 | D:4      | Noticed a slave
  2565 | D:4      | Noticed a slave
  2567 | D:4      | Killed Pikel
  2567 | D:4      | Reached skill level 1 in Throwing
  2567 | D:4      | Reached skill level 8 in Spellcasting
  2567 | D:4      | Reached XP level 7. HP: 23/36 MP: 13/21
  2738 | D:4      | Reached skill level 1 in Short Blades
  2883 | D:4      | Found a sparkling altar of Nemelex Xobeh.
  3042 | D:4      | Reached skill level 5 in Conjurations
  3248 | D:4      | Noticed Duvessa
  3249 | D:4      | Noticed Dowan
  3271 | D:4      | Killed Duvessa
  3271 | D:4      | Reached skill level 9 in Spellcasting
  3275 | D:4      | Killed Dowan
  3275 | D:4      | Reached XP level 8. HP: 39/41 MP: 14/23
  3484 | D:5      | Entered Level 5 of the Dungeon
  3526 | D:5      | Got a wizard robe
  3680 | D:4      | Identified the +0 robe of Disaster {rN+} (You found it on
                  | level 5 of the Dungeon)
  3761 | D:5      | Found a stormy altar of Qazlal.
  3762 | D:5      | Found a blossoming altar of Fedhas.
  3922 | D:5      | Found a staircase to the Ecumenical Temple.
  3937 | Temple   | Entered the Ecumenical Temple
  4058 | Temple   | Became a worshipper of Ashenzari the Shackled
  4322 | D:5      | Found a glowing silver altar of Zin.
  4362 | D:5      | Found a burning altar of Makhleb.
  4535 | D:6      | Reached skill level 10 in Spellcasting
  4916 | D:6      | Found a sacrificial altar of Ru.
  5133 | D:6      | Reached skill level 1 in Long Blades
  5167 | D:7      | Found a radiant altar of Vehumet.
  5181 | D:7      | Reached XP level 9. HP: 45/45 MP: 21/25
  5574 | D:7      | Identified the cursed +1 short sword of the Mosquito {holy,
                  | Str+3 Stlth+}
  6097 | D:7      | Reached * piety under Ashenzari
  6316 | D:8      | Noticed a +0 hand axe
  6317 | D:8      | Noticed a +0 hand axe
  6318 | D:8      | Found a hide-covered altar of Uskayaw.
  6438 | D:8      | Reached skill level 11 in Spellcasting
  6534 | D:8      | Found a runed translucent gate.
  6534 | D:8      | Found a runed translucent gate.
  6534 | D:8      | Found a runed translucent gate.
  6534 | D:8      | Noticed a white ugly thing
  6534 | D:8      | Noticed a green ugly thing
  6535 | D:8      | Noticed a red ugly thing
  6536 | D:8      | Noticed a red ugly thing
  6536 | D:8      | Noticed a white ugly thing
  6609 | D:8      | Found a shadowy altar of Dithmenos.
  6936 | D:8      | Reached skill level 5 in Poison Magic
  6936 | D:8      | Reached XP level 10. HP: 14/50 MP: 15/27
  7228 | D:8      | Reached skill level 12 in Spellcasting
  7703 | D:8      | Found an ornate altar of the Wu Jian Council.
  7703 | D:8      | Found a white marble altar of Elyvilon.
  7703 | D:8      | Found a hazy altar of Hepliaklqana.
  8107 | D:9      | Noticed Joseph
  8127 | D:9      | Noticed a harpy
  8136 | D:9      | Noticed Maurice
  8227 | D:9      | Blown up by Maurice

Levels and vault maps discovered:
D:1:      roderic_crossed_star, layout_rooms, moated_statue,
          kennysheep_decorative_pillar, nemelex_xobeh_ov_fountains_minmay
D:2:      layout_loops_ring, cheibriados_altar_1
D:3:      minmay_general_purpose_star, layout_basic, first_ration
D:4:      layout_loops_corners, lemuel_doored_altar, uniq_pikel, uniq_duvessa
D:5:      layout_loops_cross, grunt_temple_overflow_forces_of_nature,
          zin_scriptorium, makhleb_grotto_becter, minmay_temple_entry_glass
D:6:      layout_loops_ring, nicolae_ru_great_annihilating_truth
D:7:      layout_cave_pools, vehumet_altar_wand_db, dk_rats_in_the_wall
D:8:      layout_basic, gammafunk_temple_overflow_claw,
          grunt_dithmenos_smoke_and_mirrors, dancing_weapons_uskayaw,
          ploomutoo_gammafunk_ghost_potion_laboratory, grunt_livestock,
          minmay_misc_feat_alley, minmay_ruffians
D:9:      minmay_bloctagon, layout_basic, david_orc_4, evilmike_ruin_ashenzari,
          uniq_joseph, uniq_maurice
Temple:   nicolae_temple_figure_zero

Skill      XL: |  1  2  3  4  5  6  7  8  9 10 |
---------------+-------------------------------+-----
Spellcasting   | 5 6 7 8 9 10 11 12 | 12.3
Conjurations   | 2 3 4 5 6 7 |  7.6
Air Magic      | 1 2 3 4 |  4.5
Poison Magic   | 1 2 4 5 |  5.5
Throwing       | 1 2 3 |  3.3
Dodging        | 3 |  3.9
Short Blades   | 1 2 3 |  3.6
Translocations | 2 |  2.5
Long Blades    | 1 |  1.5
Stealth        | 3 |  3.9
Summonings     | |  1.1
Fire Magic     | |  0.9

Action                   |  1- 3 |  4- 6 |  7- 9 | 10-12 || total
-------------------------+-------+-------+-------+-------++-------
Melee: Dagger            |    40 |    24 |    42 |       ||   106
       Falchion          |       |       |    50 |       ||    50
       Short sword       |       |       |    48 |    39 ||    87
Throw: Dart              |       |    13 |    70 |    31 ||   114
 Cast: Magic Dart        |    88 |    54 |   224 |    47 ||   413
       Mephitic Cloud    |     1 |     9 |    33 |    11 ||    54
       Blink             |       |     1 |    20 |     8 ||    29
       Conjure Flame     |       |     1 |    14 |     5 ||    20
Invok: Curse Item        |       |       |     1 |       ||     1
  Use: Scroll            |       |     1 |     9 |     9 ||    19
       Potion            |       |       |       |     5 ||     5
 Stab: Sleeping          |     4 |     1 |     2 |     5 ||    12
       Confused          |     1 |     2 |    10 |     1 ||    14
       Paralysed         |       |       |     2 |       ||     2
  Eat: Chunk             |       |     5 |    14 |     4 ||    23
Armor: Robe              |     6 |     3 |    46 |    10 ||    65
Dodge: Dodged            |    51 |    30 |   103 |    55 ||   239
       Rpst.: Falchion   |       |       |    19 |       ||    19

Table legend:
 A = Non-vault XP
 B = Vault XP
 C = Vault XP percentage of total XP
 D = Non-vault monster count
 E = Vault monster count
 F = Vault count percentage of total count
                 A         B        C        D         E       F
            +---------+---------+-------+---------+---------+-------
      Total |    4170 |    3102 |  42.7 |     170 |      28 |  14.1
            +---------+---------+-------+---------+---------+-------
        D:1 |      51 |       0 |   0.0 |      25 |       0 |   0.0
        D:2 |      32 |       0 |   0.0 |      15 |       0 |   0.0
        D:3 |      61 |       4 |   6.2 |      16 |       4 |  20.0
        D:4 |     519 |     777 |  60.0 |      18 |       3 |  14.3
        D:5 |     496 |      48 |   8.8 |      16 |       1 |   5.9
        D:6 |     757 |      59 |   7.2 |      25 |       4 |  13.8
        D:7 |     449 |       2 |   0.4 |      18 |       1 |   5.3
        D:8 |    1529 |    1969 |  56.3 |      24 |      11 |  31.4
        D:9 |     276 |     243 |  46.8 |      13 |       4 |  23.5
            +---------+---------+-------+---------+---------+-------
